 Dungeon Crawl Stone Soup version 0.28-a0-766-g0164abf (webtiles) character file.

Game seed: 16115376387669579602

288 NeededCrab the Gusty (level 6, -7/32 HPs)
             Began as a Tengu Air Elementalist on Oct 29, 2021.
             Mangled by an ogre (14 damage)
             ... on level 7 of the Dungeon on Oct 30, 2021.
             The game lasted 00:11:51 (4019 turns).

NeededCrab the Gusty (Tengu Air Elementalist)       Turns: 4019, Time: 00:11:51

Health: -7/32      AC:  3    Str:  9    XL:     6   Next: 31%
Magic:  4/11       EV: 15    Int: 17    God:
Gold:   165        SH:  0    Dex: 14    Spells: 2/11 levels left

rFire   . . .      SeeInvis .   l - +3 dagger (protect)
rCold   . . .      Faith    .   (no shield)
rNeg    . . .      Spirit   .   a - +1 robe
rPois   .          Reflect  .   (helmet restricted)
rElec   .          Harm     .   (no cloak)
rCorr   .          Rampage  .   (no gloves)
Will    .....                   (boots unavailable)
Stlth   ++........              (no amulet)
HPRegen 0.10/turn               (no ring)
MPRegen 0.12/turn               (no ring)

@: flying quickly and evasively, quick
A: beak, talons 3, nimble flight
a: no special abilities


You were on level 7 of the Dungeon.
You visited 1 branch of the dungeon, and saw 5 of its levels.

You collected 165 gold pieces.

Inventory:

Hand Weapons
 l - a +3 dagger of protection (weapon)
Armour
 a - a +1 robe (worn)
Scrolls
 b - 4 scrolls of enchant weapon
 f - a scroll of fear
 h - a scroll of fog
Potions
 d - 4 potions of curing
 g - a potion of brilliance
 i - a potion of lignification {unknown}
 j - a potion of flight {unknown}


   Skills:
 + Level 3.6 Dodging
 - Level 2.0 Stealth
 + Level 3.1 Spellcasting
 + Level 3.7 Conjurations
 * Level 6.5 Air Magic


You had 2 spell levels left.
You knew the following spells:

 Your Spells              Type           Power      Damage    Failure   Level
a - Shock                 Conj/Air       80%        1d8       2%          1
b - Static Discharge      Conj/Air       20%        N/A       3%          2
c - Swiftness             Air            24%        N/A       3%          3
d - Mephitic Cloud        Conj/Pois/Air  14%        N/A       13%         3

Your spell library contained the following spells:

 Spells                   Type           Power      Damage    Failure   Level
 Magic Dart               Conj           60%        1d6       3%          1
 Call Imp                 Summ           2%         N/A       26%         2
 Airstrike                Air            12%        N/A       12%         4
 Call Canine Familiar     Summ           2%         N/A       45%         3
 Portal Projectile        Hex/Tloc       4%         N/A       45%         3
 Leda's Liquefaction      Hex/Erth       1%         N/A       86%         4


Dungeon Overview and Level Annotations

Branches:
Dungeon (4/15)
 Temple: D:4-7

Altars:
Dithmenos


Innate Abilities, Weirdness & Mutations

You have a beak for a mouth.
You have claws for feet.
Your magical nature lets you fly swiftly and evasively.


Message History

The ogre mutters, "Damn and blast!"
Casting: Shock (safe; 2% risk of failure)
Confirm with . or Enter, or press ? or * to list all spells.
You don't have enough magic to cast this spell.
The hound completely misses you.
Casting: Shock (safe; 2% risk of failure)
Confirm with . or Enter, or press ? or * to list all spells.
Aiming: Shock (safe; 2% risk of failure)
Press: ? - help, Shift-Dir - straight line, f - hound
Aim: a hound (severely wounded, 64% to hit)
You feel a surge of power!
The zap misses the hound.
The hound barely misses you. The hound closely misses you.
You hit the hound.
Your weapon exudes an aura of protection.
Your attack snaps the hound out of its fear.
You peck the hound, but do no damage.
The hound is almost dead.
The hound bites you but does no damage.
You hit the hound.
You kill the hound!
The ogre hits you with a +0 giant club.
* * * LOW HITPOINT WARNING * * *
You see here a +0 leather armour.
Saving game... please wait.
You hear the hiss of flowing sand.
There is an entrance to an ossuary on this level.
Hurry and find it before the portal is buried!
Welcome back, NeededCrab the Tengu Air Elementalist.
Press ? for a list of commands and other information.
Found a stone staircase leading down.
You hear the slow hiss of a very distant avalanche of sand.
A jelly comes into view.
An orc wizard comes into view. It is wielding a +0 dagger.
The jelly quivers.
The orc shouts!
The orc wizard shouts!
You feel a little less clever now.
The orc wizard mumbles some strange words.
The orc wizard flickers and vanishes!
Deactivating autopickup; reactivate with Ctrl-A.
Found a stone staircase leading down.
The ogre hits you with a +0 giant club!
You die...

....##.........#
....#..........# >.
##..........#..# #..
##............# #...
#........#.oJ# #..#
#.......##..># #..#
.............###..#
..............O...#
##..............@..#
#......#....######.#
# ####. . #. #. ##


You could see an ogre and an orc.

Vanquished Creatures
  A bullfrog zombie (D:7)
  A centaur skeleton (D:7)
  2 hounds
  An orc priest (D:3)
  An orc wizard (D:3)
  5 adders
  A worm (D:2)
  A dart slug (D:3)
  An orc (D:3)
  8 ball pythons
  6 endoplasms
  4 giant cockroaches
  8 goblins
  2 hobgoblins
  6 kobolds
  3 quokkas (D:2)
  6 bats
  5 rats
62 creatures vanquished.

Notes
Turn   | Place    | Note
-------+----------+-------------------------------------------
     0 | D:1      | NeededCrab the Tengu Air Elementalist began the quest for
                  | the Orb.
     0 | D:1      | Reached XP level 1. HP: 10/10 MP: 4/4
     0 | D:1      | Upgraded the game from 0.28-a0-751-gef3a642 to
                  | 0.28-a0-766-g0164abf
   169 | D:1      | Found a faded altar of an unknown god.
   298 | D:1      | Reached XP level 2. HP: 15/15 MP: 3/6
   333 | D:1      | Learned a level 2 spell: Static Discharge
  1037 | D:2      | Reached XP level 3. HP: 19/19 MP: 0/7
  1041 | D:2      | Learned a level 3 spell: Swiftness
  2041 | D:3      | Reached skill level 5 in Air Magic
  2048 | D:3      | Reached XP level 4. HP: 16/24 MP: 0/8
  2760 | D:3      | Gained mutation: Your magical nature lets you fly swiftly
                  | and evasively. [Tengu growth]
  2760 | D:3      | Reached XP level 5. HP: 28/28 MP: 7/10
  2771 | D:3      | Learned a level 3 spell: Mephitic Cloud
  3456 | D:4      | Found a shadowy altar of Dithmenos.
  3767 | D:4      | Reached skill level 6 in Air Magic
  3896 | D:4      | You are sucked into a shaft and drop 3 floors!
  3953 | D:7      | Noticed an ogre
  3972 | D:7      | Reached XP level 6. HP: 7/32 MP: 0/11
  4019 | D:7      | Mangled by an ogre

Illustrated notes

Levels and vault maps discovered:
D:1:      heliophobic_arrival_glass_houses, layout_rooms,
          ebering_ecumenical_altar_mist, minmay_ruptured
D:2:      layout_basic, serial_glass, glass_columns_b, glass_columns_b,
          glass_columns_c, glass_columns_c, glass_columns_a, glass_columns_c,
          glass_columns_b, glass_columns_a, glass_columns_b, glass_columns_a,
          glass_columns_b, glass_columns_c, glass_columns_c, glass_columns_a,
          minivault_19, item_on_display_b
D:3:      layout_loops_ring, st_stairs_5, minivault_19
D:4:      minmay_bubble_buster, layout_layer_cave, old_standard_altar,
          minmay_ruined_shrine
D:7:      layout_layer_cave, enter_ossuary_2, hellmonk_bongcloud_opening

Skill      XL: |  1  2  3  4  5 |
---------------+----------------+-----
Conjurations   | 2 3 |  3.7
Air Magic      | 5 6 |  6.5
Dodging        | 3 |  3.6
Spellcasting   | 3 |  3.1
Stealth        | |  2.0

Action                   |  1- 3 |  4- 6 || total
-------------------------+-------+-------++-------
Melee: Unarmed           |    13 |     2 ||    15
       Kick              |     4 |     4 ||     8
       Peck              |     1 |     2 ||     3
       Dagger            |       |     6 ||     6
 Cast: Shock             |    84 |    61 ||   145
       Static Discharge  |     4 |    12 ||    16
  Use: Scroll            |       |    11 ||    11
       Potion            |       |     1 ||     1
Armor: Robe              |     2 |    10 ||    12
Dodge: Dodged            |     6 |    30 ||    36

Table legend: (Time is in decaauts)
 A = Elapsed time spent in this place.
 B = Non-inter-level travel time spent in this place.
 C = Inter-level travel time spent in this place.
 D = Time resting spent in this place.
 E = Time spent auto-exploring this place.
 F = Levels seen in this place.
 G = Mean time per level.
                   A        B        C        D        E       F      G
               +--------+--------+--------+--------+--------+-----+--------+
         Total |   3942 |   3854 |     88 |    415 |   2925 |   5 |  788.4 |
       Dungeon |   3942 |   3854 |     88 |    415 |   2925 |   5 |  788.4 |
               +--------+--------+--------+--------+--------+-----+--------+

Top non-repeatable levels by time:
     D:3: 1390 daAuts
     D:2: 1105 daAuts
     D:1: 821 daAuts
     D:4: 512 daAuts
     D:7: 113 daAuts
